 Dungeon Crawl Stone Soup version 0.28-b1-25-g9875b3fc8c (webtiles) character file.

Game seed: 1189232266058940639

184754 Suckerboh the Tortoise (level 18, -13/147 HPs)
             Began as a Barachi Monk on Feb 5, 2022.
             Was a High Priest of Cheibriados.
             Killed from afar by a deep elf zephyrmancer (30 damage)
             ... with a bolt of lightning
             ... on level 3 of the Elven Halls.
             The game lasted 01:41:11 (43970 turns).

Suckerboh the Tortoise (Barachi Monk)              Turns: 43970, Time: 01:41:11

Health: -13/147    AC: 31    Str: 36 (38) XL:     18   Next: 42%
Magic:  27/27      EV: 23    Int: 21 (24) God:    Cheibriados [*****.]
Gold:   1358       SH: 18    Dex: 38      Spells: 17/17 levels left

rFire   + . .      SeeInvis .   a - +4 eveningstar (protect)
rCold   + . .      Faith    .   w - +2 buckler
rNeg    . . .      Spirit   .   p - +7 chain mail of the End {Str+9}
rPois   .          Reflect  +   m - +2 hat {Stlth+}
rElec   .          Harm     .   n - +1 cloak of Starlight {*Dazzle EV+4 Stlth--}
rCorr   +          Rampage  .   v - +0 pair of gloves {Dex+3}
Will    ++...                   O - +0 pair of boots
Stlth   ..........              x - amulet of Vuodghouj {Reflect Dex+4 Slay+3 SH+5}
HPRegen 0.34/turn               Y - ring of protection from fire
MPRegen 0.20/turn               Z - ring of Pegiat {rC+ Will+ rCorr Str-4}

@: about to teleport, under a protective aura, very slow
A: amphibious, slowness 1, strong legs 2, +LOS, deterioration 1, [deformed
body], [screaming 1]
a: Hop, Renounce Religion, Bend Time, Temporal Distortion, Slouch, Step From
Time


You were on level 3 of the Elven Halls.
You worshipped Cheibriados.
Cheibriados was extremely pleased with you.
You visited 5 branches of the dungeon, and saw 27 of its levels.
You visited the Abyss 1 time.
You also visited: Ossuary and Ice Cave.

You collected 2810 gold pieces.
You spent 1452 gold pieces at shops.

Inventory:

Hand Weapons
 a - a +4 eveningstar of protection (weapon)
 b - a +1 demon whip of venom
 F - the +8 dagger "Biyri" {vorpal, rF+ rC++ Stlth+}
   (You found it on level 12 of the Dungeon)

   It inflicts extra damage upon your enemies.
   rF:        It protects you from fire.
   rC:        It greatly protects you from cold.
   Stlth:     It makes you more stealthy.
 V - a +1 scimitar of flaming
Missiles
 H - 3 throwing nets (quivered)
 M - 12 poisoned darts
 Q - 3 curare-tipped darts
Armour
 m - a +2 hat of stealth (worn)
 n - the +1 cloak of Starlight (worn) {*Dazzle EV+4 Stlth--}
   (You found it on level 1 of the Elven Halls)

   It may blind those who miss an attack against the wearer in melee combat.
   EV:        It affects your evasion (+4).
   Stlth:     It makes you much less stealthy.
 p - the +7 chain mail of the End (worn) {Str+9}
   (You found it on level 4 of the Dungeon)

   Str:       It affects your strength (+9).
 v - a +0 pair of gloves of dexterity (worn)
 w - a +2 buckler (worn)
 O - a +0 pair of boots (worn)
Jewellery
 c - a ring of poison resistance
 o - a ring of ice
 s - a +4 ring of evasion
 u - a ring of flight
 x - the amulet of Vuodghouj (around neck) {Reflect Dex+4 Slay+3 SH+5}
   (You acquired it on level 13 of the Dungeon)

   [amulet of reflection]

   It reflects blocked missile attacks.
   Dex:       It affects your dexterity (+4).
   Slay:      It affects your accuracy & damage with ranged weapons and melee
   (+3).
   SH:        It affects your SH (+5).
 B - a ring of see invisible
 D - the ring of Cuynker {Ice Drain rElec Stlth+}
   (You bought it in a shop on level 6 of the Dungeon)

   [ring of ice]

   It enhances your ice magic.
   rF:        It makes you vulnerable to fire.
   rC:        It protects you from cold.
   rElec:     It insulates you from electricity.
   Drain:     It drains your maximum health when unequipped.
   Stlth:     It makes you more stealthy.
 P - the amulet "Tuuh" {Regen+ Stlth+}
   (You found it on level 15 of the Dungeon)

   [amulet of regeneration]

   Regen:     It increases your rate of health regeneration.
   Stlth:     It makes you more stealthy.
 U - a +4 ring of protection
 Y - a ring of protection from fire (left hand)
 Z - the ring of Pegiat (right hand) {rC+ Will+ rCorr Str-4}
   (You found it on level 5 of the Lair of Beasts)

   [ring of resist corrosion]

   Str:       It affects your strength (-4).
   rC:        It protects you from cold.
   rCorr:     It protects you from acid and corrosion.
   Will:      It increases your willpower.
Wands
 h - a wand of iceblast (7)
 q - a wand of flame (95)
 L - a wand of digging (11)
 N - a wand of polymorph (2)
Scrolls
 d - 12 scrolls of teleportation
 g - a scroll of blinking
 i - 5 scrolls of vulnerability
 j - 6 scrolls of fear
 r - a scroll of silence
 y - 9 scrolls of identify
 C - a scroll of summoning
 J - 9 scrolls of enchant armour
 R - 5 scrolls of fog
 S - 2 scrolls of magic mapping
 T - a scroll of holy word
Potions
 f - 3 potions of berserk rage
 k - 2 potions of invisibility
 l - 3 potions of haste
 t - 8 potions of curing
 z - 2 potions of resistance
 A - 8 potions of flight
 E - 4 potions of brilliance
 G - 4 potions of mutation
 I - 8 potions of heal wounds
 K - a potion of cancellation
 W - 5 potions of ambrosia
Miscellaneous
 e - a condenser vane
 X - a phantom mirror


   Skills:
 - Level 14.4 Fighting
 - Level 14.0 Long Blades
 - Level 9.5(13.3) Axes
 - Level 14.9(16.0) Maces & Flails
 - Level 0.5 Bows
 - Level 0.5 Crossbows
 - Level 1.0 Throwing
 - Level 15.7 Armour
 - Level 8.1 Dodging
 - Level 1.7 Stealth
 - Level 13.0 Shields
 - Level 0.5 Conjurations
 - Level 1.0 Hexes
 - Level 0.7 Summonings
 - Level 0.7 Necromancy
 - Level 0.5 Translocations
 - Level 0.1 Transmutations
 - Level 0.1 Fire Magic
 - Level 0.6 Ice Magic
 - Level 0.6 Air Magic
 - Level 0.2 Earth Magic
 - Level 0.5 Poison Magic
 + Level 12.7 Invocations
 - Level 6.8 Evocations


You had 17 spell levels left.
You didn't know any spells.
Your spell library contained the following spells:

 Spells                   Type           Power      Damage    Failure   Level
 Animate Skeleton         Necr           6%         N/A       38%         1
 Summon Small Mammal      Summ           12%        N/A       38%         1
 Apportation              Tloc           4%         N/A       41%         1
 Magic Dart               Conj           8%         1d3       41%         1
 Beastly Appendage        Tmut           0%         N/A       47%         1
 Call Imp                 Summ           3%         N/A       54%         2
 Corpse Rot               Necr/Air       4%         N/A       54%         2
 Poisonous Vapours        Pois/Air       4%         N/A       54%         2
 Searing Ray              Conj           4%         2d4       54%         2
 Wereblood                Tmut           0%         N/A       63%         2
 Frozen Ramparts          Ice            4%         1d2       78%         3
 Inner Flame              Hex/Fire       2%         N/A       78%         3
 Mephitic Cloud           Conj/Pois/Air  2%         N/A       78%         3
 Ozocubu's Armour         Ice            2%         N/A       78%         3
 Spider Form              Tmut/Pois      1%         N/A       82%         3
 Cause Fear               Hex            2%         N/A       98%         4
 Animate Dead             Necr           1%         N/A       99%         4
 Fulminant Prism          Conj/Hex       1%         3d6       99%         4
 Ice Form                 Ice/Tmut       1%         N/A       99%         4
 Summon Ice Beast         Ice/Summ       2%         N/A       99%         4
 Borgnjor's Vile Clutch   Necr/Erth      0%         N/A       100%        5
 Metabolic Englaciation   Hex/Ice        1%         N/A       100%        5
 Death Channel            Necr           1%         N/A       100%        6
 Simulacrum               Ice/Necr       1%         N/A       100%        6
 Discord                  Hex            2%         N/A       100%        8


Dungeon Overview and Level Annotations

Branches:
Dungeon (15/15)            Temple (1/1) D:4            Lair (6/6) D:8
  Swamp (0/4) Lair:4       Spider (0/4) Lair:4        Slime (0/5) Lair:5
    Orc (2/2) D:12            Elf (3/3) Orc:2        Vaults (0/5) D:13
 Depths (0/4) D:15        Ossuary (visited)           IceCv (visited)

Altars:
Ashenzari
Cheibriados
Dithmenos
Elyvilon
Fedhas
Gozag
Hepliaklqana
Kikubaaqudgha
Makhleb
Nemelex Xobeh
Okawaru
Qazlal
Ru
Sif Muna
Trog
Uskayaw
Vehumet
Wu Jian
Xom
Yredelemnul
Zin
The Shining One
Beogh
Jiyva
Lugonu

Shops:
D:1 (   D:6 *   D:7 ?   D:10 =   Orc:1 (   Orc:2 (?:![   Elf:2 ?[(?=(   Elf:3 ?

Portals:
Abyss: Lair:6
Pandemonium: Orc:2
Trove: D:15 (give +2 shadow dragon scales)

Annotations:
D:11 1 runed translucent door, Garym's ghost, journeyman MiBe
D:13 3 runed translucent doors, Gonodgh's ghost, journeyman MiFi; Iplucs's ghost, journeyman FeBe; Maxmaps's ghost, adept FoSk; p0werm0de's ghost, journeyman MiFi
Lair:3 exclusion: 4 oklob plants


Innate Abilities, Weirdness & Mutations

You are amphibious.
You cover ground slowly.
You can hop long distances.
You have an extended range of vision and can be seen from far away.
Your body sometimes deteriorates upon taking damage.
[Armour fits poorly on your strangely shaped body.]
[You occasionally shout uncontrollably at your foes.]


Message History

The deep elf zephyrmancer points at you and mumbles some strange words.
The bolt of lightning hits you.
The deep elf high priest calls down the wrath of its god upon you.
Something smites you!
Unknown command.
The deep elf high priest shoots an arrow.
The arrow barely misses you.
The deep elf zephyrmancer casts a spell.
The deep elf zephyrmancer blinks!
Unknown command.
As you read the scroll of teleportation, it crumbles to dust.
You feel strangely unstable.
An orc high priest comes into view.
It is wielding a +1 dire flail of protection.
The deep elf zephyrmancer is empowered by the deep elf high priest's aura!
The deep elf high priest mumbles some strange prayers to its god against you.
The sphere of damnation explodes!
The damnation engulfs you!
* * * LOW HITPOINT WARNING * * *
Your body deteriorates!
You feel weakened.
The orc high priest shouts!
You hear a shout! x6
Unknown command.
The deep elf high priest shoots an arrow.
The arrow hits you.
* * * LOW HITPOINT WARNING * * *
x2 Unknown command.
The deep elf zephyrmancer casts a spell.
The deep elf zephyrmancer blinks!
The deep elf high priest shoots an arrow.
The arrow hits you!
* * * LOW HITPOINT WARNING * * *
x2 Unknown command.
The deep elf high priest invokes the aid of its god against you.
Something smites you!
* * * LOW HITPOINT WARNING * * *
Unknown command.
You impale the deep elf zephyrmancer!!
Your weapon exudes an aura of protection.
The deep elf zephyrmancer is severely wounded.
The deep elf zephyrmancer points at you and mumbles some strange words.
The bolt of lightning misses you. The bolt of lightning hits you!!
You die...

# #.....# #.....# #
#.....## ##.....# #
#......## ##......#
#.......###.......#
##...............##
# ##.............##
# #.............# #
#..|e.........# #
###.@.......### #
#'#######'# # e.e.
... # ...... .... #
........ ... #
.......o.e #
.###...... # ##...
# ##..


You could see an orc high priest, a deep elf high priest (brilliance aura) and 2
deep elf zephyrmancers.

Vanquished Creatures
  Saint Roka (Orc:2)
  Rupert (Lair:4)
  Jorgrun (Orc:1)
  2 deep elf blademasters (Elf:3)
  Gastronok (D:8)
  Frances (D:14)
  5 deep elf sorcerers (Elf:3)
  An orc warlord (Orc:1)
  3 deep elf elementalists
  Nessos (Lair:4)
  6 deep elf annihilators (Elf:3)
  5 deep elf demonologists (Elf:3)
  Azrael (Orc:2)
  Snorg (D:13)
  4 deep elf death magi
  An ettin (Orc:2)
  Josephine (D:15)
  Harold (D:8)
  2 deep elf high priests
  A yaktaur captain (D:13)
  4 centaur warriors
  6 hydras
  An ogre mage (D:15)
  A demonspawn (Orc:2)
  A boulder beetle (D:13)
  A catoblepas (D:13)
  A catoblepas (shapeshifter) (Elf:3)
  A death knight (D:13)
  8 two-headed ogres
  6 thrashing horrors
  18 dancing weapons
  5 orc high priests
  A vampire mage (D:15)
  A soul eater (Abyss:3)
  Sonja (D:13)
  20 deep elf knights
  A wretched star (Abyss:3)
  A fire crab (shapeshifter) (D:14)
  12 skeletal warriors
  A sixfirhy (Orc:2)
  10 deep elf archers
  Pikel (D:6)
  A sphinx zombie (D:15)
  5 orc knights
  A tengu zombie (D:15)
  24 deep elf zephyrmancers
  A necromancer (D:15)
  A lindwurm (Lair:4)
  A harpy (shapeshifter) (Lair:6)
  25 deep elf pyromancers
  6 ugly things
  11 orc sorcerers
  3 cyclopes
  25 elephants
  8 manticores
  4 black mambas
  A centaur zombie (D:10)
  3 ice statues (IceCv)
  2 gargoyles (D:12)
  5 smoke demons
  An orange demon (Orc:2)
  10 cane toads
  A kobold demonologist (D:11)
  An efreet (D:13)
  9 rime drakes
  An ice devil (Orc:2)
  2 freezing wraiths
  7 yaktaurs
  7 komodo dragons
  4 ancient zymes
  2 anaconda simulacra (IceCv)
  A tengu conjurer (D:15)
  A red devil (Abyss:3)
  A hellwing (Abyss:3)
  A queen bee (Lair:3)
  6 trolls
  2 polar bears
  18 blink frogs
  A tarantella (shapeshifter) (Elf:2)
  9 slime creatures
  A meliai zombie (D:10)
  A tyrant leech (Lair:4)
  Prince Ribbit (D:6)
  14 dream sheep
  6 large abominations
  A spriggan skeleton (D:15)
  Sigmund (D:6)
  A culicivora (shapeshifter) (Elf:3)
  7 starcursed masses (Abyss:3)
  2 jumping spiders (Lair:4)
  A culicivora (Lair:4)
  3 air elementals
  A shadow (D:11)
  An ettin skeleton (D:15)
  A spriggan (Lair:6)
  49 yaks
  3 fire elementals (Orc:2)
  2 yaks (shapeshifter)
  5 water elementals
  Eustachio (D:4)
  A human (D:4)
  A basilisk (shapeshifter) (D:14)
  11 basilisks
  5 wyverns
  8 wraiths
  2 ynoxinuls
  3 chaos spawn
  6 redbacks (Lair:4)
  2 neqoxecs
  11 steam dragons
  13 vampire mosquitoes
  2 swamp worms (Lair:4)
  11 wargs
  4 acid dragons
  18 water moccasins
  4 hell hounds (Orc:2)
  33 orc warriors
  A sky beast (D:6)
  5 black bears
  28 wolves
  6 ogres
  13 centaurs
  3 lemures (D:6)
  3 kobold brigands
  11 small abominations
  12 bullfrogs
  2 gnoll sergeants
  5 scorpions
  3 earth elementals
  A cane toad simulacrum (IceCv)
  A wyvern zombie (D:5)
  35 killer bees
  2 elephant simulacra (IceCv)
  5 wights (D:6)
  A howler monkey (D:9)
  5 electric eels
  4 crimson imps (D:4)
  2 hounds
  2 jellies
  23 orc priests
  A centaur skeleton (D:4)
  4 iguanas
  Natasha (thrice) (D:4)
  34 orc wizards
  6 hell rats
  A polar bear simulacrum (IceCv)
  A wolf simulacrum (IceCv)
  14 mummies
  5 adders
  12 gnolls
  A river rat (Lair:3)
  A shadow imp (D:8)
  2 white imps
  2 worms
  4 dart slugs
  68 orcs
  7 ball pythons
  6 bats
  11 endoplasms
  5 giant cockroaches
  8 goblins
  11 hobgoblins
  4 quokkas
  3 training dummies (Orc:1)
  2 frilled lizards (D:2)
  2 gnoll skeletons (Ossuary)
  2 goblin skeletons (Ossuary)
  2 hobgoblin zombies (D:7)
  16 kobolds
  3 kobold skeletons
  2 orc skeletons (Ossuary)
  5 rats
  11 rat skeletons (Ossuary)
1023 creatures vanquished.

Vanquished Creatures (collateral kills)
  A komodo dragon (D:11)
  A yak (D:11)
2 creatures vanquished.

Vanquished Creatures (others)
  A wizard (D:15)
  A deep elf zephyrmancer (Elf:1)
  A water elemental (Elf:2)
  An orc (Orc:2)
  11 fungi
  39 plants
  5 withered plants
59 creatures vanquished.

Grand Total: 1084 creatures vanquished

Notes
Turn   | Place    | Note
-------+----------+-------------------------------------------
     0 | D:1      | Suckerboh the Barachi Monk began the quest for the Orb.
     0 | D:1      | Reached XP level 1. HP: 18/18 MP: 1/1
   349 | D:1      | Reached XP level 2. HP: 23/25 MP: 2/2
   723 | D:1      | Found Hacudys's Weapon Shoppe.
   727 | D:1      | Reached XP level 3. HP: 30/30 MP: 3/3
  1304 | D:2      | Reached skill level 5 in Long Blades
  1304 | D:2      | Reached XP level 4. HP: 36/37 MP: 4/4
  1417 | D:2      | Found a faded altar of an unknown god.
  2028 | D:3      | Found a white marble altar of Elyvilon.
  2077 | D:3      | Reached skill level 1 in Armour
  2082 | D:3      | Reached XP level 5. HP: 30/42 MP: 5/5
  3078 | D:4      | Reached skill level 1 in Axes
  3078 | D:4      | Reached skill level 2 in Armour
  3196 | D:4      | Identified the +7 chain mail of the End {Str+9}
  3228 | D:4      | Noticed Eustachio
  3229 | D:4      | Noticed Natasha
  3244 | D:4      | Killed Eustachio
  3245 | D:4      | Reached XP level 6. HP: 28/49 MP: 6/6
  3248 | D:4      | Killed Natasha
  3425 | D:4      | Found a shimmering altar of Xom.
  3467 | D:4      | Reached skill level 3 in Armour
  3477 | D:4      | Reached XP level 7. HP: 20/55 MP: 7/7
  3522 | D:4      | HP: 2/55 [crimson imp (17)]
  3801 | D:4      | Noticed Natasha
  3809 | D:4      | Killed Natasha
  3821 | D:4      | Found a staircase to the Ecumenical Temple.
  3840 | Temple   | Entered the Ecumenical Temple
  3911 | Temple   | Became a worshipper of Cheibriados the Contemplative
  3911 | Temple   | Reached * piety under Cheibriados
  3911 | Temple   | Reached ** piety under Cheibriados
  3975 | D:4      | Noticed Natasha
  3984 | D:4      | Killed Natasha
  3992 | D:4      | Reached skill level 5 in Axes
  4172 | D:4      | Noticed a human
  4190 | D:4      | Found a runed translucent door.
  4195 | D:4      | Found a basalt altar of Yredelemnul.
  4206 | D:4      | Killed a human
  4557 | D:5      | Entered Level 5 of the Dungeon
  4564 | D:5      | Reached skill level 5 in Fighting
  4564 | D:5      | Reached skill level 4 in Armour
  4564 | D:5      | Reached XP level 8. HP: 18/62 MP: 8/8
  4884 | D:5      | Found a sacrificial altar of Ru.
  5173 | D:5      | Found a bloodstained altar of Trog.
  5780 | D:5      | Found a shadowy altar of Dithmenos.
  5923 | D:6      | Noticed Prince Ribbit
  5937 | D:6      | Killed Prince Ribbit
  5938 | D:6      | Reached skill level 5 in Armour
  5938 | D:6      | Reached XP level 9. HP: 52/68 MP: 6/9
  6014 | D:6      | Reached *** piety under Cheibriados
  6278 | D:6      | Noticed Pikel
  6295 | D:6      | Killed Pikel
  6296 | D:6      | Reached skill level 6 in Armour
  6578 | D:6      | Found Doyjuipt's Assorted Antiques.
  6592 | D:6      | Bought a fuming white potion for 27 gold pieces
  6592 | D:6      | Bought a vibrating bronze ring for 155 gold pieces
  6592 | D:6      | Identified the ring of Cuynker {Ice Drain rElec Stlth+}
                  | (You bought it in a shop on level 6 of the Dungeon)
  6592 | D:6      | Bought a metallic purple potion for 27 gold pieces
  6592 | D:6      | Bought a scroll labelled TEITWA LUSU for 31 gold pieces
  6641 | D:6      | Noticed Sigmund
  6652 | D:6      | Killed Sigmund
  6653 | D:6      | Reached skill level 1 in Shields
  6730 | D:6      | Found a burning altar of Makhleb.
  7110 | D:7      | Found a sand-covered staircase.
  7112 | D:7      | Reached skill level 7 in Armour
  7115 | Ossuary  | Entered an ossuary
  7250 | Ossuary  | Reached **** piety under Cheibriados
  8071 | D:7      | Found Iriaky's Magic Scroll Shop.
  8347 | D:8      | Reached XP level 10. HP: 74/77 MP: 10/10
  8524 | D:8      | Reached ***** piety under Cheibriados
  8571 | D:8      | Noticed Gastronok
  8601 | D:8      | Killed Gastronok
  8602 | D:8      | Reached skill level 10 in Long Blades
  8838 | D:8      | Noticed Harold
  8852 | D:8      | Killed Harold
  8853 | D:8      | Reached skill level 8 in Armour
  8912 | D:8      | Found a staircase to the Lair.
  8922 | D:8      | Found an iron altar of Okawaru.
  9248 | D:9      | Reached skill level 1 in Evocations
  9391 | D:9      | Found a hazy altar of Hepliaklqana.
  9443 | D:9      | Found a shimmering blue altar of Sif Muna.
  9447 | D:9      | Reached XP level 11. HP: 84/84 MP: 11/11
 10290 | D:10     | Entered Level 10 of the Dungeon
 11196 | D:10     | Reached ****** piety under Cheibriados
 11555 | D:10     | Found Vaubruf's Jewellery Boutique.
 11755 | D:10     | Found a glowing golden altar of the Shining One.
 11936 | D:10     | Found an ornate altar of the Wu Jian Council.
 11947 | D:10     | Found an ancient bone altar of Kikubaaqudgha.
 12215 | D:11     | Noticed a two-headed ogre
 12223 | D:11     | Reached skill level 9 in Armour
 12232 | D:11     | Reached skill level 5 in Dodging
 12238 | D:11     | Reached skill level 5 in Shields
 12250 | D:11     | Killed a two-headed ogre
 12460 | D:11     | Found a runed translucent door.
 12462 | D:11     | Noticed Garym's ghost (journeyman MiBe)
 12462 | D:11     | Noticed a storm dragon
 12542 | D:11     | Noticed a two-headed ogre
 12551 | D:11     | Killed a two-headed ogre
 12590 | D:11     | Noticed a two-headed ogre
 12597 | D:11     | Killed a two-headed ogre
 12803 | D:11     | Noticed a two-headed ogre
 12811 | D:11     | Killed a two-headed ogre
 13005 | D:11     | Found a stormy altar of Qazlal.
 13500 | D:12     | Noticed a manticore
 13512 | D:12     | Killed a manticore
 13558 | D:12     | Reached XP level 12. HP: 93/93 MP: 12/12
 13570 | D:12     | Reached skill level 10 in Armour
 13787 | D:12     | Found a staircase to the Orcish Mines.
 13852 | D:12     | Identified the +8 dagger "Biyri" {vorpal, rF+ rC++ Stlth+}
 14189 | D:12     | Reached skill level 11 in Armour
 14515 | D:12     | Reached skill level 1 in Invocations
 14684 | Orc:1    | Entered Level 1 of the Orcish Mines
 15426 | Orc:1    | Noticed Jorgrun
 15427 | Orc:1    | Noticed an orc warlord
 15436 | Orc:1    | Killed Jorgrun
 15437 | Orc:1    | Reached skill level 12 in Armour
 15437 | Orc:1    | Gained mutation: You can hop long distances. [Barachi
                  | growth]
 15437 | Orc:1    | Reached XP level 13. HP: 103/103 MP: 4/14
 15457 | Orc:1    | Killed an orc warlord
 15882 | Orc:1    | Found Nimpusm's Firing Range.
 15891 | Orc:1    | Bought a throwing net for 42 gold pieces
 15891 | Orc:1    | Bought a throwing net for 42 gold pieces
 16021 | Orc:2    | Entered Level 2 of the Orcish Mines
 16223 | Orc:1    | Reached skill level 10 in Fighting
 16546 | Orc:2    | Found Ochijeke's Armour Shoppe.
 16637 | Orc:2    | Noticed Saint Roka
 16730 | Orc:2    | Killed Saint Roka
 17179 | Orc:2    | Noticed an ettin
 17186 | Orc:2    | Killed an ettin
 17192 | Orc:2    | Noticed Azrael
 17201 | Orc:2    | Reached skill level 5 in Evocations
 17218 | Orc:2    | Killed Azrael
 17879 | Orc:2    | Found a staircase to the Elven Halls.
 18518 | Orc:2    | Found Dautt's Distillery.
 18624 | Orc:2    | Found Peluz's Magic Scroll Shop.
 18793 | Orc:2    | Gained mutation: Your body sometimes deteriorates upon
                  | taking damage. [a neqoxec]
 18827 | Orc:2    | Reached skill level 13 in Armour
 20488 | Orc:2    | Bought a potion of heal wounds for 60 gold pieces
 20488 | Orc:2    | Bought a potion of curing for 36 gold pieces
 20520 | Orc:2    | Reached XP level 14. HP: 113/113 MP: 17/17
 20961 | Orc:2    | Found Sighiz's Book Shoppe.
 20961 | Orc:2    | Found Ammotrow's Antique Weapon Emporium.
 20961 | Orc:2    | Found a one-way gate leading to the halls of Pandemonium.
 20963 | Orc:2    | Paralysed by an orc sorcerer for 3 turns
 21072 | Orc:2    | Bought a scroll of enchant armour for 135 gold pieces
 21072 | Orc:2    | Bought a scroll of enchant armour for 135 gold pieces
 21219 | Lair:1   | Entered Level 1 of the Lair of Beasts
 21342 | Lair:1   | Reached skill level 5 in Invocations
 21524 | Lair:1   | Reached skill level 14 in Armour
 22918 | Lair:3   | Reached skill level 10 in Shields
 23084 | Lair:3   | Found a frozen archway.
 23096 | IceCv    | Entered an ice cave
 24047 | IceCv    | Identified the +4 rapier of the Extremes {freeze, Str+4}
 25287 | Lair:3   | Reached XP level 15. HP: 118/122 MP: 19/19
 25961 | Lair:4   | Found a hole to the Spider Nest.
 26067 | Lair:4   | Noticed Nessos
 26130 | Lair:4   | Killed Nessos
 26879 | Lair:4   | Noticed Rupert
 27213 | Lair:4   | Found a staircase to the Swamp.
 27370 | Lair:4   | Killed Rupert
 27371 | Lair:4   | Reached skill level 1 in Throwing
 27803 | Lair:5   | Reached skill level 15 in Armour
 28166 | Lair:5   | Found a viscous altar of Jiyva.
 28166 | Lair:5   | Found a staircase to the Slime Pits.
 28494 | Lair:5   | Identified the ring of Pegiat {rC+ Will+ rCorr Str-4}
 28814 | Lair:5   | Reached skill level 1 in Maces & Flails
 29183 | Lair:6   | Entered Level 6 of the Lair of Beasts
 30273 | Lair:6   | Reached XP level 16. HP: 133/133 MP: 21/21
 30588 | Lair:6   | Found a corrupted altar of Lugonu.
 30588 | Lair:6   | Found a one-way gate to the infinite horrors of the Abyss.
 31350 | D:13     | Identified a scroll of acquirement
 31354 | D:13     | Acquired the amulet of Vuodghouj {Reflect Dex+4 Slay+3
                  | SH+5}
 31428 | D:13     | Noticed Sonja
 31433 | D:13     | Killed Sonja
 31585 | D:13     | Found a runed translucent gate.
 31585 | D:13     | Found a runed translucent gate.
 31585 | D:13     | Found a runed translucent gate.
 31585 | D:13     | Noticed Maxmaps's ghost (adept FoSk)
 31585 | D:13     | Noticed Iplucs's ghost (journeyman FeBe)
 31586 | D:13     | Noticed p0werm0de's ghost (journeyman MiFi)
 31586 | D:13     | Noticed Gonodgh's ghost (journeyman MiFi)
 31839 | D:13     | You fall into a shaft and drop 2 floors!
 31839 | D:15     | Entered Level 15 of the Dungeon
 31839 | D:15     | Noticed Josephine
 31943 | D:14     | Reached skill level 5 in Maces & Flails
 32314 | D:13     | Reached skill level 1 in Hexes
 32572 | D:13     | Noticed Snorg
 32583 | D:13     | Killed Snorg
 32621 | D:13     | Found a gate to the Vaults.
 34057 | D:14     | Noticed Frances
 34069 | D:14     | Killed Frances
 34341 | D:15     | Found a portal to a secret trove of treasure.
 34355 | D:15     | Killed Josephine
 34531 | D:15     | Found a staircase to the Depths.
 35341 | D:15     | Identified the amulet "Tuuh" {Regen+ Stlth+}
 35747 | Elf:1    | Entered Level 1 of the Elven Halls
 35751 | Elf:1    | Paralysed by an air elemental for 1 turns
 35767 | Elf:1    | Reached skill level 10 in Maces & Flails
 35769 | Elf:1    | Reached XP level 17. HP: 50/140 MP: 14/24
 36431 | Elf:1    | Paralysed by an air elemental for 1 turns
 36940 | Elf:1    | Identified the +8 rapier "Yrhafash" {vorpal, Will+ MP+9}
 36954 | Elf:1    | Reached skill level 10 in Invocations
 36970 | Elf:1    | Found the +1 cloak of Starlight {*Dazzle EV+4 Stlth--}
 37769 | Elf:2    | Found Syep's Antique Weapon Boutique.
 37769 | Elf:2    | Found Yla Roatz's One-of-a-Kind Rings.
 37803 | Elf:2    | Bought a glowing demon whip for 504 gold pieces
 38229 | Elf:2    | Found Boxaott's Magic Scroll Emporium.
 38237 | Elf:2    | Bought a scroll of fog for 34 gold pieces
 38497 | Elf:2    | Found Wyashrac's Antique Weapon Shop.
 38523 | Elf:2    | Found Uriptiha's Antique Armour Shop.
 38819 | Elf:2    | Found a runed translucent gate.
 38819 | Elf:2    | Found a runed translucent gate.
 38825 | Elf:2    | Found a runed translucent gate.
 38883 | Elf:2    | Found Vaphirph's Magic Scroll Boutique.
 38987 | Elf:2    | Bought a scroll of enchant armour for 97 gold pieces
 40190 | Elf:3    | Entered Level 3 of the Elven Halls
 41249 | Elf:3    | Found Arekhlutt's Magic Scroll Emporium.
 41253 | Elf:3    | Bought a scroll of enchant armour for 127 gold pieces
 41375 | Elf:3    | Reached XP level 18. HP: 121/147 MP: 26/26
 41379 | Elf:3    | Noticed a deep elf blademaster
 41391 | Elf:3    | Killed a deep elf blademaster
 41427 | Elf:3    | Noticed a deep elf blademaster
 41435 | Elf:3    | Killed a deep elf blademaster
 41454 | Elf:3    | Identified the +9 broad axe "Taikk" {pain, rC- Will++
                  | Dex+4}
 43083 | Elf:3    | Noticed a Brimstone Fiend
 43089 | Elf:3    | Cast into level 3 of the Abyss (a deep elf demonologist)
 43178 | Abyss:3  | Noticed a bone dragon
 43865 | Elf:3    | Escaped the Abyss
 43953 | Elf:3    | Identified the +3 dagger "Jaothrol" {vorpal, rElec rPois
                  | Int-3 Dex+2}
 43953 | Elf:3    | Identified the ring of Hosuig {rN+ Str+6 Int+2 Dex-4 SInv}
 43955 | Elf:3    | Identified the ring of the Twelve Blessings {rF+ Will-
                  | rCorr Str+6}
 43970 | Elf:3    | Killed from afar by a deep elf zephyrmancer

Illustrated notes

Levels and vault maps discovered:
D:1:      erik_arrival_cave_to_civilisation [erik_arrival_cave_to_temple],
          layout_basic, serial_shops, nicolae_shop_trees, minmay_unequal
D:2:      layout_basic, shapermc_ecumenical_altar_pompeii, grunt_ministairs_4,
          hex_large
D:3:      layout_basic, lemuel_crystal_altar
D:4:      layout_basic, dk_yredelemnul_ordeal, led_xom_imps,
          minmay_temple_entry_waves, uniq_natasha, uniq_eustachio
D:5:      layout_cave_pods, lemuel_round_altar, kennysheep_little_box,
          mainiacjoe_overflow_24_doors, kennysheep_generic_room_7
D:6:      layout_cave_pools, bloody_makhleb, serial_shops,
          nicolae_lakefront_shop, kennysheep_boxes, uniq_pikel, uniq_sigmund,
          uniq_prince_ribbit1
D:7:      layout_loops_cross, nicolae_ossuary_entry_giza, minivault_14,
          nicolae_stop_n_shop_1
D:8:      layout_rooms, kennysheep_mini, erik_lair_orcish_takeover, uniq_harold,
          uniq_gastronok
D:9:      layout_loops_ring, mainiacjoe_overflow_small_starburst,
          mainiacjoe_overflow_paths
D:10:     layout_basic, tso_oasis_becter, minitemple, serial_shops, shop
D:11:     layout_big_octagon, ebering_ghost_inner_flame, grunt_qazlal_sundering
D:12:     kennysheep_blocky_room, layout_long_grid, orc_0_dummy
D:13:     layout_basic, david_vaults_2, serial_curves, eino_curves_04,
          eino_curves_01, gammafunk_ghost_cemetery, uniq_snorg, uniq_sonja
D:14:     layout_gridville, hangedman_decor_lopped, uniq_frances
D:15:     gammafunk_depths_entry_grave, layout_small_grid,
          hangedman_abyss_or_decor_clamps, nicolae_trove_entry_isolated,
          kennysheep_pointless_box, st_stairs_4, uniq_josephine
Temple:   nicolae_temple_figure_zero
Lair:1:   layout_roguey, st_stairs_12, grunt_megastairs_4,
          infiniplex_staircase_pool_2
Lair:2:   layout_chaotic_city, minmay_holes, infiniplex_staircase_pool
Lair:3:   hangedman_what_comes_after_a, layout_gridlike,
          portal_ice_cave_entry_pillars_2, lemuel_fruit_tree,
          lemuel_fruit_fields, serial_bayou_shore_b
Lair:4:   layout_cave_pods, minmay_swamp_entry_worms,
          nicolae_spider_entry_tight_spaces, bobbens_dragon_lair_wall,
          uniq_rupert, uniq_nessos
Lair:5:   layout_cave_pods, slime_altar_1
Lair:6:   hellmonk_lair_end_abyssal_woods, layout_regular_city
Orc:1:    layout_caves, basic_altar, nicolae_shop_firing_range, uniq_jorgrun
Orc:2:    pf_orc_diabolical, layout_diamond_mine, serial_shops, shop_fountains,
          uniq_azrael, uniq_saint_roka
Elf:1:    layout_loops_corners, kennysheep_underground_church
Elf:2:    elven_hall_of_blades_hangedman_original
          [nicolae_vaults_blade_armed_guards], layout_geoelf_octagon,
          serial_shops, nicolae_shop_advertising_works
          [nicolae_subvault_shop_adworks], shop, nicolae_shop_trees,
          shop_statue, nicolae_shop_statue_plus, nicolae_shop_unique_rings
Elf:3:    nooodl_elf_gasket, layout_gridlike, serial_shops, shop

Skill      XL: |  1  2  3  4  5  6  7  8  9 10 11 12 13 14 15 16 17 18 |
---------------+-------------------------------------------------------+-----
Long Blades    | 4 5 6 8 11 14 | 14.0
Fighting       | 4 5 6 7 8 9 11 12 14 | 14.4
Armour         | 1 2 3 4 5 7 8 9 12 13 14 15 | 15.7
Axes           | 3 4 6 9 |  9.5
Dodging        | 4 5 6 7 8 |  8.1
Shields        | 2 3 5 7 9 11 12 13 | 13.0
Evocations     | 1 3 6 |  6.8
Invocations    | 2 4 6 7 9 10 12 | 12.7
Throwing       | 1 |  1.0
Maces & Flails | 3 10 14 | 14.9
Hexes          | 1 |  1.0
Bows           | |  0.5
Crossbows      | |  0.5
Stealth        | |  1.7
Conjurations   | |  0.5
Summonings     | |  0.7
Necromancy     | |  0.7
Translocations | |  0.5
Transmutations | |  0.1
Fire Magic     | |  0.1
Ice Magic      | |  0.6
Air Magic      | |  0.6
Earth Magic    | |  0.2
Poison Magic   | |  0.5

Action                   |  1- 3 |  4- 6 |  7- 9 | 10-12 | 13-15 | 16-18 || total
-------------------------+-------+-------+-------+-------+-------+-------++-------
Melee: Falchion          |   101 |    78 |       |       |       |       ||   179
       Punch             |       |     4 |     2 |       |       |       ||     6
       Hand axe          |       |    91 |   158 |       |       |       ||   249
       Long sword        |       |       |   188 |   497 |  1410 |   534 ||  2629
       Scimitar          |       |       |       |       |    96 |     3 ||    99
       Demon whip        |       |       |       |       |       |   394 ||   394
       Eveningstar       |       |       |       |       |       |   241 ||   241
Throw: Dart              |       |       |       |     1 |     1 |       ||     2
       Throwing net      |       |       |       |       |     6 |       ||     6
Invok: Temporal Distorti |       |       |       |     1 |     2 |     5 ||     8
       Slouch            |       |       |       |     2 |     4 |    10 ||    16
 Abil: Hop               |       |       |     2 |     1 |     6 |       ||     9
Evoke: Wand              |       |       |       |     7 |    18 |     5 ||    30
  Use: Scroll            |       |       |    17 |     7 |     6 |     7 ||    37
       Potion            |       |       |     1 |     1 |     2 |     1 ||     5
 Stab: Sleeping          |       |     2 |       |     2 |       |       ||     4
       Held in net/web   |       |       |       |       |    13 |       ||    13
       Invisible         |       |       |       |       |       |    12 ||    12
       Distracted        |       |       |       |       |       |     1 ||     1
Armor: Robe              |     1 |       |       |       |       |       ||     1
       Ring mail         |    36 |    32 |       |       |       |       ||    68
       Chain mail        |       |    42 |   147 |   237 |   587 |   342 ||  1355
Dodge: Dodged            |    64 |    97 |   139 |   349 |  1040 |   635 ||  2324
Block: Buckler           |       |       |    49 |   252 |   753 |   758 ||  1812
       Reflection        |       |       |       |       |       |    78 ||    78
